 Dungeon Crawl Stone Soup version 0.23.0-3-gf3c87f2 (webtiles) character file.

Game seed: 10238807390083212494

3053 Borgoz the Sneak (level 9, 0/54 HPs)
             Began as a Gargoyle Enchanter on Feb 23, 2019.
             Was an Elder of Dithmenos.
             Killed by divine providence
             ... invoked by an orc priest
              (7 damage)
             ... on level 9 of the Dungeon.
             The game lasted 00:28:40 (9754 turns).

Borgoz the Sneak (Gargoyle Enchanter)               Turns: 9754, Time: 00:28:41

Health: 0/54       AC: 11    Str: 12    XL:     9   Next: 87%
Magic:  21/21      EV: 15    Int: 16    God:    Dithmenos [****..]
Gold:   500        SH:  0    Dex: 13    Spells: 9/12 levels left

rFire    . . .     SeeInvis .   m - +0 dagger (protect)
rCold    + . .     Gourm    .   (no shield)
rNeg     + . .     Faith    .   b - +0 robe
rPois    ∞         Spirit   .   (no helmet)
rElec    +         Reflect  .   k - +2 cloak
rCorr    .         Harm     .   (no gloves)
MR       .....                  (no boots)
Stlth    +++++.....             (no amulet)
HPRegen  0.18/turn              j - ring of Roasolot {rC+ MP+9}
MPRegen  0.17/turn              (no ring)

@: about to teleport, marked, wreathed by umbra
A: negative energy resistance 1, electricity resistance, unbreathing,
petrification resistance, rot immunity, AC +6
a: Shadow Step, Renounce Religion


You were on level 9 of the Dungeon.
You worshipped Dithmenos.
Dithmenos was greatly pleased with you.
You were not hungry.

You visited 2 branches of the dungeon, and saw 10 of its levels.
You also visited: Sewer.

You collected 500 gold pieces.

Inventory:

Hand Weapons
 m - a +0 dagger of protection (weapon)
Missiles
 h - 23 poisoned needles
 s - a throwing net (quivered)
Armour
 b - a +0 robe (worn)
 k - a +2 cloak (worn)
Jewellery
 c - an uncursed ring of protection from magic {unknown}
 j - the ring of Roasolot (left hand) {rC+ MP+9}
   (You found it in a sewer)

   [ring of magical power]

   It protects you from cold.
   It affects your magic capacity (+9).
Wands
 a - a wand of acid (1)
Scrolls
 e - 5 scrolls of remove curse
 f - a scroll of teleportation
 i - 2 scrolls of blinking
 o - a scroll of fog
 r - 2 scrolls of enchant weapon {unknown}
 t - a scroll of vulnerability {unknown}
 v - a scroll of magic mapping {unknown}
Potions
 g - 2 potions of flight
 l - 2 potions of curing
 n - a potion of haste
Comestibles
 d - 23 rations


   Skills:
 + Level 5.2 Fighting
 * Level 6.0 Short Blades
 * Level 5.7 Dodging
 + Level 6.9 Stealth
 - Level 2.0 Spellcasting
 * Level 6.5 Hexes


You had 9 spell levels left.
You knew the following spells:

 Your Spells              Type           Power        Failure   Level  Hunger
a - Corona                Hex            ###....      1%          1    #......
b - Ensorcelled Hibernat  Hex/Ice        ##....       9%          2    ###....

Your spell library contained the following spells:

 Spells                   Type           Power        Failure   Level  Hunger
 Confusing Touch          Hex            ###...       1%          1    #......
 Confuse                  Hex            ###.....     4%          3    ###....
 Tukima's Dance           Hex            ###.....     4%          3    ###....
 Dazzling Spray           Conj/Hex       ##....       16%         3    ###....
 Animate Skeleton         Necr           N/A          21%         1    #......
 Apportation              Tloc           #.....       21%         1    #......
 Summon Small Mammal      Summ           #...         21%         1    #......


Dungeon Overview and Level Annotations

Branches:
Dungeon (9/15)             Temple (1/1) D:6
   Lair: D:8-11         Orc: D:9-12

Altars:
Ashenzari
Cheibriados
Dithmenos
Elyvilon
Fedhas
Gozag
Hepliaklqana
Kikubaaqudgha
Makhleb
Nemelex Xobeh
Okawaru
Qazlal
Sif Muna
Trog
Uskayaw
Vehumet
Wu Jian
Xom
Yredelemnul
Zin
The Shining One

Shops:
D:7 *[?(*

Annotations:
D:5 Dowan, Duvessa
D:9 Harold


Innate Abilities, Weirdness & Mutations

You are resistant to torment.
Your stone body is resilient. (AC +6)
You are immune to poison.
You resist negative energy. (rN+)
You are resistant to electric shocks. (rElec)
You can survive without breathing.
You are immune to petrification.
You are immune to rotting.


Message History

The orc priest calls down the wrath of Beogh upon you.
Pain shoots through your body!
The orc priest miscasts a cantrip.
The orc priest invokes the aid of Beogh against you.
Beogh smites you! The orc hits you but does no damage.
You see here a throwing net.
The troll bites you!
* * * LOW HITPOINT WARNING * * *
The troll misses you. The troll barely misses you.
The orc hits you but does no damage.
The orc priest begins to cast a cantrip, but forgets the words!
Harold says, "Ah, this is what I got into this business for!"
As you read the scroll of teleportation, it crumbles to dust.
You feel strangely unstable. The troll completely misses you.
The troll claws you but does no damage. The troll barely misses you.
The orc hits you but does no damage.
The orc priest mumbles some strange prayers to Beogh against you.
Beogh smites you!
You die...

#>...^..........###
#..............#
#.(....#.....###
###..........###
#..........###
#.......###
..###........##
..............###
#####....@o...##
#.....T.....#
#.......@o..##
####......ooo...##
..........t......##
#.#......(........#
..# #..............##
...#.#............###
...$....(....(###...#


You could see Harold, a troll, a crocodile, an orc priest and 4 orcs.

Vanquished Creatures
  Joseph (D:9)
  A troll (D:8)
  Sigmund (D:2)
  A wyvern (D:9)
  An orc warrior (D:8)
  An ice beast (D:8)
  A phantom (D:7)
  An ogre (D:6)
  A centaur (D:5)
  A crocodile (D:7)
  5 bullfrogs
  5 scorpions
  5 hounds
  4 jellies
  An orc priest (D:3)
  5 orc wizards
  5 iguanas
  5 worker ants
  A howler monkey zombie (D:4)
  10 adders
  6 gnolls
  A howler monkey skeleton (D:4)
  A river rat (D:5)
  A white imp (D:9)
  7 oozes
  2 adder zombies
  A worm (D:5)
  A dart slug (D:1)
  9 leopard geckos
  16 orcs
  17 giant cockroaches
  13 hobgoblins
  12 jackals
  2 quokkas
  5 ball pythons
  5 bats
  10 frilled lizards
  9 goblins
  3 goblin skeletons (D:9)
  4 hobgoblin zombies (D:9)
  A jackal skeleton (D:8)
  A jackal zombie (D:5)
  8 kobolds
  2 kobold zombies (D:9)
  A leopard gecko zombie (D:5)
  An orc skeleton (D:9)
  An orc zombie (D:9)
  A quokka zombie (D:9)
  12 rats
209 creatures vanquished.

Vanquished Creatures (others)
  Blork the orc (D:5)
  An orc (D:5)
  A kobold (D:5)
3 creatures vanquished.

Grand Total: 212 creatures vanquished

Notes
Turn   | Place    | Note
-------+----------+-------------------------------------------
     0 | D:1      | Borgoz the Gargoyle Enchanter began the quest for the Orb.
     0 | D:1      | Reached XP level 1. HP: 10/10 MP: 3/3
    70 | D:1      | Reached skill level 1 in Short Blades
   241 | D:1      | Reached XP level 2. HP: 16/16 MP: 3/5
   513 | D:1      | Reached skill level 1 in Fighting
   519 | D:1      | Reached XP level 3. HP: 9/20 MP: 4/6
  1236 | D:2      | Found a white marble altar of Elyvilon.
  1298 | D:2      | Found a basalt altar of Yredelemnul.
  1298 | D:2      | Found a shattered altar of Ashenzari.
  1298 | D:2      | Found a shadowy altar of Dithmenos.
  1298 | D:2      | Noticed Sigmund
  1308 | D:2      | Learned a level 2 spell: Ensorcelled Hibernation
  1330 | D:2      | Killed Sigmund
  1330 | D:2      | Reached XP level 4. HP: 10/27 MP: 3/7
  1330 | D:2      | Reached XP level 5. HP: 12/31 MP: 3/8
  1339 | D:2      | Became a worshipper of Dithmenos the Shadowed
  1703 | D:2      | Reached XP level 6. HP: 32/36 MP: 9/9
  2702 | D:4      | Reached * piety under Dithmenos
  3580 | D:4      | Reached XP level 7. HP: 38/41 MP: 7/10
  3617 | D:5      | Entered Level 5 of the Dungeon
  3619 | D:5      | Found a glowing drain.
  3632 | Sewer    | Entered a sewer
  3993 | Sewer    | Reached skill level 5 in Stealth
  4016 | Sewer    | Got a scorched marble ring
  4018 | Sewer    | Identified the ring of Roasolot {rC+ MP+9} (You found it in
                  | a sewer)
  4434 | D:5      | Reached ** piety under Dithmenos
  4552 | D:5      | Noticed Duvessa
  4552 | D:5      | Noticed Dowan
  4641 | D:4      | Got a crude mace
  4650 | D:4      | Identified the +9 mace "Death Rattle" {venom, *Drain +Inv
                  | rF+ Str+8} (You found it on level 4 of the Dungeon)
  4929 | D:5      | Noticed Blork the orc
  4958 | D:5      | Killed Blork the orc
  4958 | D:5      | Reached XP level 8. HP: 18/46 MP: 8/11
  5586 | D:6      | Found a staircase to the Ecumenical Temple.
  5732 | Temple   | Entered the Ecumenical Temple
  6557 | D:7      | Found Nimareg's Antique Armour Shop.
  6576 | D:7      | Found Ugasucre's Magic Scroll Shop.
  6716 | D:7      | Reached skill level 5 in Hexes
  6875 | D:7      | Found Omoixam's Weapon Emporium.
  7177 | D:7      | Found Naowo's General Store.
  7341 | D:7      | Reached *** piety under Dithmenos
  7501 | D:7      | Found Dopudin's Assorted Antiques.
  8052 | D:8      | Reached XP level 9. HP: 52/52 MP: 12/12
  8270 | D:8      | Reached skill level 5 in Short Blades
  8389 | D:8      | Noticed a troll
  8401 | D:8      | Killed a troll
  8401 | D:8      | Reached skill level 5 in Dodging
  9321 | D:9      | Found a glowing golden altar of the Shining One.
  9363 | D:9      | Reached skill level 5 in Fighting
  9416 | D:9      | Reached **** piety under Dithmenos
  9479 | D:9      | Noticed Joseph
  9522 | D:9      | Killed Joseph
  9706 | D:9      | Noticed Harold
  9741 | D:9      | Noticed a troll
  9754 | D:9      | Killed from afar by an orc priest

Skill      XL: |  1  2  3  4  5  6  7  8  9 |
---------------+----------------------------+-----
Short Blades   | 1 2 3 4 6 |  6.0
Fighting       | 1 2 3 4 5 |  5.2
Dodging        | 2 3 4 5 |  5.7
Hexes          | 3 4 5 6 |  6.5
Stealth        | 4 5 6 |  6.9
Spellcasting   | |  2.0

Action                   |  1- 3 |  4- 6 |  7- 9 || total
-------------------------+-------+-------+-------++-------
Melee: Dagger            |   184 |   258 |   838 ||  1280
 Cast: Corona            |    16 |     1 |    23 ||    40
       Ensorcelled Hiber |     1 |    23 |   105 ||   129
  Use: Potion            |     1 |     2 |     8 ||    11
       Scroll            |       |     5 |     9 ||    14
 Stab: Sleeping          |     3 |    17 |    63 ||    83
       Invisible         |       |     2 |     3 ||     5
  Eat: Chunk             |     2 |     9 |    22 ||    33
       Ration            |       |       |     3 ||     3
Armor: Robe              |    65 |   102 |   358 ||   525
Dodge: Dodged            |   115 |   223 |   761 ||  1099
